 Dungeon Crawl Stone Soup version 0.27.1-3-gb3d3a73c9e (webtiles) character file.

Game seed: 17128420286608399942

9806 GameOver the Tainter (level 11, -15/81 HPs)
             Began as a Naga Hedge Wizard on Oct 26, 2021.
             Was a Priest of Kikubaaqudgha.
             Hit by a javelin thrown by a minotaur (38 damage)
             ... in a Gauntlet.
             The game lasted 00:55:43 (9440 turns).

GameOver the Tainter (Naga Hedge Wizard)            Turns: 9440, Time: 00:55:44

Health: -15/81     AC:  8    Str: 14    XL:     11   Next: 52%
Magic:  7/19       EV: 10    Int: 17    God:    Kikubaaqudgha [***...]
Gold:   974        SH:  5    Dex: 16    Spells: 3/21 levels left

rFire    . . .     SeeInvis +   s - +1 trident (pain)
rCold    . . .     Faith    .   E - +0 buckler
rNeg     + . .     Spirit   .   b - +2 robe {rN+}
rPois    +         Reflect  .   (no helmet)
rElec    .         Harm     .   q - +0 cloak
rCorr    .         Rampage  .   f - +0 pair of gloves
Will     +....     NoTele   +   (no barding)
Stlth    +++++++...             H - amulet of regeneration
HPRegen  1.23/turn              l - +6 ring of dexterity
MPRegen  0.16/turn              T - ring of Shadows {Umbra +Inv Stlth+}

@: wreathed by umbra, very slow
A: AC +3, large, see invisible, deformed body, poison resistance, slowness 2,
spit poison 1, naga tail 1
a: Spit Poison, Renounce Religion, Evoke Invisibility, Receive Corpses


You were in a Gauntlet.
You worshipped Kikubaaqudgha.
Kikubaaqudgha was most pleased with you.
You visited 2 branches of the dungeon, and saw 10 of its levels.
You also visited: Ossuary and Gauntlet.

You collected 974 gold pieces.

Inventory:

Hand Weapons
 j - a +0 glaive of pain
 s - a +1 trident of pain (weapon)
 w - a +4 quarterstaff of chaos
 F - a +4 flail of protection
 W - a +0 short sword of venom
Missiles
 h - 3 throwing nets
Armour
 b - a +2 robe of positive energy (worn)
 f - a +0 pair of gloves (worn)
 q - a +0 cloak (worn)
 E - a +0 buckler (worn)
 G - +0 swamp dragon scales
 K - a +1 leather armour of cold resistance
 N - a +0 cloak
 Q - a +0 hat of willpower
 R - +2 storm dragon scales
Magical Staves
 e - a staff of conjuration
Jewellery
 l - a +6 ring of dexterity (left hand)
 H - an amulet of regeneration (around neck)
 T - the ring of Shadows (right hand) {Umbra +Inv Stlth+}
   (You found it in a Gauntlet)

   [ring of stealth]

   It surrounds you with an aura of shadow, increasing your stealth and reducing
   the accuracy of all within it (including the wearer).
   +Inv:      It lets you turn invisible.
   Stlth:     It makes you more stealthy.
Wands
 d - a wand of acid (8)
 n - a wand of polymorph (7)
 x - a wand of flame (20)
 y - a wand of iceblast (6)
 J - a wand of paralysis (14)
Scrolls
 a - 2 scrolls of enchant weapon
 c - a scroll of fear {unknown}
 g - 8 scrolls of teleportation
 i - a scroll of silence {unknown}
 z - 4 scrolls of magic mapping
 B - a scroll of enchant armour {unknown}
 D - a scroll of amnesia {unknown}
 I - a scroll of noise {unknown}
 L - 2 scrolls of blinking {unknown}
 M - a scroll of torment {unknown}
 O - 3 scrolls of immolation
 P - a scroll of vulnerability {unknown}
 S - a scroll of fog {unknown}
Potions
 k - 4 potions of curing
 m - a potion of might
 o - 2 potions of flight
 p - 2 potions of heal wounds
 r - 3 potions of attraction
 t - a potion of lignification
 u - 2 potions of invisibility
 v - 2 potions of mutation
 A - a potion of berserk rage {unknown}
 C - a potion of brilliance {unknown}
 U - 2 potions of haste {unknown}
 V - a potion of cancellation {unknown}


   Skills:
 - Level 7.5(8.0) Polearms
 - Level 4.0(6.2) Staves
 - Level 1.5 Dodging
 - Level 9.0 Stealth
 - Level 3.0 Shields
 + Level 5.8 Spellcasting
 - Level 6.0 Conjurations
 - Level 1.0 Summonings
 + Level 8.3 Necromancy
 - Level 3.0 Translocations
 + Level 2.2 Earth Magic
 - Level 9.0 Poison Magic


You had 3 spell levels left.
You knew the following spells:

 Your Spells              Type           Power      Damage    Failure   Level
a - Magic Dart            Conj           100%       1d8       1%          1
b - Blink                 Tloc           N/A        N/A       6%          2
c - Dispel Undead         Necr           33%        3d14      4%          4
d - Mephitic Cloud        Conj/Pois/Air  21%        N/A       4%          3
s - Stone Arrow           Conj/Erth      36%        3d9       8%          3
v - Vampiric Draining     Necr           16%        2d8       1%          3
Z - Sublimation of Blood  Necr           16%        N/A       1%          2

Your spell library contained the following spells:

 Spells                   Type           Power      Damage    Failure   Level
 Animate Skeleton         Necr           66%        N/A       1%          1
 Pain                     Necr           100%       1d9       1%          1
 Searing Ray              Conj           50%        3d5       1%          2
 Sandblast                Erth           24%        2d8       5%          1
 Conjure Flame            Conj/Fire      15%        6-21      12%         3
 Call Imp                 Summ           8%         N/A       13%         2
 Passwall                 Tmut/Erth      6%         N/A       13%         2
 Slow                     Hex            4%         N/A       21%         2
 Agony                    Necr           33%        N/A       12%         5
 Fulminant Prism          Conj/Hex       7%         3d7       36%         4
 Borgnjor's Vile Clutch   Necr/Erth      11%        N/A       38%         5
 Death Channel            Necr           16%        N/A       54%         6
 Bolt of Magma            Conj/Fire/Erth 7%         4d6       75%         5
 Lee's Rapid Deconstruct  Erth           6%         3d7*      82%         5
 Simulacrum               Ice/Necr       9%         N/A       98%         6
 Shatter                  Erth           6%         3d9*      100%        9


Dungeon Overview and Level Annotations

Branches:
Dungeon (9/15)             Temple (0/1) D:6            Lair (1/6) D:9
    Orc (0/2) D:9         Ossuary (visited)         Gauntlet (1/1)

Altars:
Ashenzari
Dithmenos
Fedhas
Hepliaklqana
Kikubaaqudgha
Nemelex Xobeh
Okawaru
Qazlal
Ru
Uskayaw

Annotations:
Gauntlet 8 transporters, 4 runed translucent doors


Innate Abilities, Weirdness & Mutations

Your serpentine skin is tough. (AC +3)
You have supernaturally acute eyesight. (SInv)
Armour fits poorly on your strangely shaped body.
Your system is resistant to poisons. (rPois)
You cover ground very slowly.
You can spit poison.
You have a snake-like lower body.


Message History

The minotaur is moderately wounded.
The minotaur seems less confused.
The minotaur is engulfed in noxious fumes.
The minotaur appears confused.
Unknown command.
Unknown command.
Unknown command.
Unknown command.
Press: ? - help, Shift-Dir - straight line, f/p - minotaur
Aim: a minotaur, wearing the +6 chain mail of Fashionability {+Inv Regen+ Int+5 Stlth-}, wearing the amulet "Ydwuas" {Faith Dex+3} and quivering javelins (moderately wounded, confused, umbra)
The splash of poison hits the minotaur but does no damage.
The minotaur is moderately wounded.
Aiming: Iceblast
Press: ? - help, Shift-Dir - straight line, f/p - minotaur
Aim: a minotaur, wearing the +6 chain mail of Fashionability {+Inv Regen+ Int+5 Stlth-}, wearing the amulet "Ydwuas" {Faith Dex+3} and quivering javelins (moderately wounded, confused, umbra)
The mass of ice explodes!
The iceblast engulfs the minotaur but does no damage.
The minotaur is moderately wounded.
Aiming: Corrosive Bolt
Press: ? - help, Shift-Dir - straight line, f/p - minotaur
Aim: a minotaur, wearing the +6 chain mail of Fashionability {+Inv Regen+ Int+5 Stlth-}, wearing the amulet "Ydwuas" {Faith Dex+3} and quivering javelins (moderately wounded, confused, umbra, 97% to hit)
The bolt of acid hits the minotaur but does no damage.
The minotaur is moderately wounded.
You have got your breath back.
The minotaur seems less confused.
The minotaur throws a javelin.
The javelin pierces through you.
* * * LOW HITPOINT WARNING * * *
Unknown command.
Casting: Mephitic Cloud (dangerous; 4% risk of failure)
Confirm with . or Enter, or press ? or * to list all spells.
Aiming: Mephitic Cloud (dangerous; 4% risk of failure)
Press: ? - help, Shift-Dir - straight line, f/p - minotaur
Aim: a minotaur, wearing the +6 chain mail of Fashionability {+Inv Regen+ Int+5 Stlth-}, wearing the amulet "Ydwuas" {Faith Dex+3} and quivering javelins (moderately wounded, umbra, chance to affect: 34%)
The ball explodes into a vile cloud!
The stinking cloud engulfs the minotaur but does no damage.
The minotaur is moderately wounded.
The minotaur is engulfed in noxious fumes.
The minotaur throws a javelin.
The javelin pierces through you!!!
You die...
Kikubaaqudgha rasps: "You have failed me!
Welcome... death!"

#.###..#### #..##......
#...#..#### ##########
#...#..#... #........#
#.©.#8.#.##
#.######.####...#..#.#≈
#.# #.#....©.#∩.#©#≈
#.#○####.#.##...#..#.#≈
#.#☼H☼@..#.##.©.#8.#.##
#.########.##...#..#...
#..........##...#..####
#############..##......
#.###..#### ####≈..#245
##§.#!## #≈..#.#.
##..#©#.


You could see a minotaur.

Vanquished Creatures
  A two-headed ogre (D:9)
  Pikel (D:4)
  Maggie (D:6)
  A gargoyle (D:9)
  A rime drake (Lair:1)
  Prince Ribbit (D:6)
  Sigmund (D:4)
  10 shadows (Gauntlet)
  2 wraiths (D:9)
  A ynoxinul (Gauntlet)
  2 yaks (D:9)
  Eustachio (D:5)
  2 vampire mosquitoes (D:7)
  Edmund (D:6)
  5 water moccasins
  3 black bears
  3 orc warriors (D:9)
  A sky beast (D:7)
  An ice beast (D:7)
  An ogre (D:4)
  4 necrophages
  5 centaurs
  6 kobold brigands
  Blork the orc (D:6)
  6 bullfrogs
  3 gnoll sergeants
  2 scorpions
  A wyvern skeleton (D:7)
  7 wights
  4 howler monkeys
  A jelly (D:6)
  4 centaur zombies
  5 orc priests
  Crazy Yiuf (D:3)
  3 hounds
  A bullfrog skeleton (D:5)
  4 iron imps (Gauntlet)
  Ijyb (D:5)
  Natasha (thrice) (D:4)
  5 orc wizards
  5 iguanas
  2 mummies (Ossuary)
  Robin (D:4)
  A howler monkey zombie (D:9)
  9 gnolls
  10 adders
  2 ufetubi
  An adder zombie (D:5)
  4 worms
  2 dart slugs
  36 orcs
  4 ball pythons
  7 bats
  11 endoplasms
  A giant cockroach (D:2)
  10 goblins
  13 hobgoblins
  3 jackals (D:1)
  17 kobolds
  3 quokkas
  4 frilled lizards
  4 gnoll zombies (Ossuary)
  5 hobgoblin zombies (Ossuary)
  4 orc zombies (Ossuary)
  5 rats
271 creatures vanquished.

Vanquished Creatures (others)
  A steam dragon (D:6)
  33 fungi
  41 plants (D:9)
75 creatures vanquished.

Grand Total: 346 creatures vanquished

Notes
Turn   | Place    | Note
-------+----------+-------------------------------------------
     0 | D:1      | GameOver the Naga Hedge Wizard began the quest for the Orb.
     0 | D:1      | Reached XP level 1. HP: 15/15 MP: 4/4
    94 | D:1      | Reached XP level 2. HP: 12/22 MP: 0/6
   621 | D:2      | Reached XP level 3. HP: 22/28 MP: 4/7
   624 | D:2      | Learned a level 2 spell: Blink
   628 | D:2      | Learned a level 3 spell: Mephitic Cloud
   663 | D:2      | Found a faded altar of an unknown god.
  1026 | D:2      | Reached XP level 4. HP: 36/36 MP: 3/8
  1557 | D:3      | Found a hazy altar of Hepliaklqana.
  1847 | D:3      | Reached XP level 5. HP: 26/42 MP: 0/9
  2148 | D:3      | Found a runed translucent door.
  2149 | D:3      | Noticed Crazy Yiuf
  2165 | D:3      | Killed Crazy Yiuf
  2166 | D:3      | Reached skill level 5 in Conjurations
  2270 | D:4      | Noticed Pikel
  2270 | D:4      | Noticed a lemure
  2270 | D:4      | Noticed a lemure
  2270 | D:4      | Noticed a lemure
  2290 | D:4      | Noticed a lemure
  2336 | D:4      | Noticed Natasha
  2341 | D:4      | Killed Natasha
  2342 | D:4      | Reached skill level 1 in Poison Magic
  2399 | D:4      | Reached XP level 6. HP: 49/49 MP: 8/10
  2495 | D:4      | Noticed Robin
  2518 | D:4      | Killed Robin
  2580 | D:4      | Noticed Sigmund
  2622 | D:4      | Killed Sigmund
  2623 | D:4      | Reached XP level 7. HP: 52/55 MP: 2/11
  2700 | D:4      | Found a shadowy altar of Dithmenos.
  2767 | D:4      | Found a sacrificial altar of Ru.
  2795 | D:4      | Noticed Natasha
  2799 | D:4      | Killed Natasha
  2800 | D:4      | Reached skill level 5 in Stealth
  2868 | D:4      | Reached skill level 5 in Poison Magic
  2984 | D:4      | Killed Pikel
  2985 | D:4      | Reached XP level 8. HP: 42/62 MP: 2/12
  3103 | D:4      | Noticed Natasha
  3117 | D:4      | Killed Natasha
  3166 | D:5      | Entered Level 5 of the Dungeon
  3217 | D:5      | Noticed Ijyb
  3227 | D:5      | Killed Ijyb
  3249 | D:5      | Found an ancient bone altar of Kikubaaqudgha.
  3257 | D:5      | Became a worshipper of Kikubaaqudgha
  3884 | D:5      | Noticed Eustachio
  3896 | D:5      | Killed Eustachio
  3897 | D:5      | Reached skill level 1 in Staves
  4019 | D:5      | Reached XP level 9. HP: 68/68 MP: 9/13
  4369 | D:6      | Found a staircase to the Ecumenical Temple.
  4391 | D:6      | Reached skill level 1 in Necromancy
  4392 | D:6      | Noticed Edmund
  4394 | D:6      | Noticed Prince Ribbit
  4419 | D:6      | Killed Edmund
  4428 | D:6      | Killed Prince Ribbit
  4546 | D:6      | Found a sand-covered staircase.
  4558 | Ossuary  | Entered an ossuary
  4683 | Ossuary  | Reached * piety under Kikubaaqudgha
  4683 | Ossuary  | Received a gift from Kikubaaqudgha
  4816 | D:6      | Learned a level 2 spell: Sublimation of Blood
  4820 | D:6      | Learned a level 3 spell: Vampiric Draining
  4824 | D:6      | Noticed Blork the orc
  5074 | D:6      | Reached skill level 5 in Necromancy
  5079 | D:6      | Noticed Maggie
  5094 | D:6      | Killed Blork the orc
  5112 | D:6      | Killed Maggie
  5587 | D:7      | Reached skill level 1 in Shields
  5587 | D:7      | Reached XP level 10. HP: 69/75 MP: 7/14
  6220 | D:7      | Learned a level 3 spell: Stone Arrow
  7270 | D:8      | You fall into a shaft and drop 1 floor!
  7334 | D:9      | Noticed a rakshasa
  7757 | D:9      | Reached ** piety under Kikubaaqudgha
  7762 | D:9      | Noticed a gargoyle
  7785 | D:9      | Killed a gargoyle
  7817 | D:9      | Found an iron altar of Okawaru.
  7817 | D:9      | Found a hide-covered altar of Uskayaw.
  7822 | D:9      | Found a sparkling altar of Nemelex Xobeh.
  7824 | D:9      | Found a stormy altar of Qazlal.
  7825 | D:9      | Found a blossoming altar of Fedhas.
  7852 | D:9      | Reached skill level 5 in Polearms
  7876 | D:9      | Found a staircase to the Orcish Mines.
  7963 | D:9      | Found a staircase to the Lair.
  8270 | D:9      | Reached XP level 11. HP: 76/80 MP: 16/18
  8387 | D:9      | Found a broken altar of Ashenzari.
  8618 | D:9      | Noticed a two-headed ogre
  8623 | D:9      | Reached skill level 5 in Spellcasting
  8658 | D:9      | Killed a two-headed ogre
  8658 | D:9      | Reached *** piety under Kikubaaqudgha
  8658 | D:9      | Received a gift from Kikubaaqudgha
  8781 | Lair:1   | Entered Level 1 of the Lair of Beasts
  8833 | Lair:1   | Found a gate leading to a gauntlet.
  8844 | Gauntlet | Entered a Gauntlet
  8844 | Gauntlet | Found a transporter.
  8844 | Gauntlet | Found a transporter.
  8846 | Gauntlet | Noticed a death scarab
  8849 | Gauntlet | Found a transporter.
  8849 | Gauntlet | Found a transporter.
  8859 | Gauntlet | Learned a level 4 spell: Dispel Undead
  8896 | Gauntlet | Found a transporter.
  8896 | Gauntlet | Found a transporter.
  8898 | Gauntlet | Found a transporter.
  8900 | Gauntlet | Found a runed translucent door.
  8910 | Gauntlet | Noticed a reaper
  8914 | Gauntlet | Found a transporter.
  8927 | Gauntlet | Found a transporter.
  8929 | Gauntlet | Found a runed translucent door.
  8929 | Gauntlet | Found the ring of Shadows {Umbra +Inv Stlth+}
  8934 | Gauntlet | Noticed a sixfirhy
  8934 | Gauntlet | Noticed a sixfirhy
  8937 | Gauntlet | Found a transporter.
  8937 | Gauntlet | Noticed a sixfirhy
  8938 | Gauntlet | Noticed a sixfirhy
  8951 | Gauntlet | Found a transporter.
  8972 | Gauntlet | Found a transporter.
  8972 | Gauntlet | Found a transporter.
  8974 | Gauntlet | Found a runed translucent gate.
  8974 | Gauntlet | Found a runed translucent gate.
  8974 | Gauntlet | Found a runed translucent gate.
  8984 | Gauntlet | Found a transporter.
  9146 | Gauntlet | Reached skill level 1 in Earth Magic
  9422 | Gauntlet | Identified the +6 chain mail of Fashionability {+Inv Regen+
                  | Int+5 Stlth-}
  9422 | Gauntlet | Identified the amulet "Ydwuas" {Faith Dex+3}
  9422 | Gauntlet | Noticed a minotaur
  9440 | Gauntlet | Hit by a javelin thrown by a minotaur

Illustrated notes

Levels and vault maps discovered:
D:1:      dpeg_arrival_rhombi, layout_basic
D:2:      minmay_evil_eye, layout_loops_ring,
          hellmonk_ecumenical_altar_prayer_group, minmay_indecisive_spiral
D:3:      layout_loops_cross, nicolae_overflow_crystal_walls,
          uniq_crazy_yiuf_cottage
D:4:      layout_basic, nicolae_ru_great_annihilating_truth, marbit_many_paths,
          serial_park_tiny_pond, serial_park_tiny_pond, kennysheep_potato,
          uniq_natasha, uniq_pikel, uniq_sigmund, uniq_robin
D:5:      layout_basic, mainiacjoe_overflow_surrounded_room, uniq_eustachio,
          uniq_ijyb
D:6:      layout_loops_ring, minmay_temple_entry_glassed_door,
          nicolae_ossuary_entry_ruins, uniq_edmund, uniq_maggie,
          uniq_prince_ribbit1, uniq_blork_the_orc
D:7:      layout_gridville, corexii_corridor_pit
D:8:      layout_loops_corners
D:9:      layout_irregular_city, old_standard_altar,
          chequers_temple_overflow_minitemple, due_lair_maze_entry_diamond,
          hiddenorc1_lemuel, minmay_the_grid_2x2 [minmay_the_grid_large_cup,
          minmay_the_grid_all_tris, minmay_the_grid_diamond_grid,
          minmay_the_grid_prize_inner_circle]
Lair:1:   layout_regular_city, gauntlet_entry_generic, lemuel_fruit_tree
Gauntlet: gammafunk_gauntlet_mixed_choke_point
          [minmay_gauntlet_arena_77_double_cross,
          minmay_gauntlet_arena_77_radiant_squares,
          minmay_gauntlet_arena_77_run_for_it, gammafunk_gauntlet_arena_split_x,
          minmay_gauntlet_arena_77_box, minmay_gauntlet_arena_77_shame_cube,
          minmay_gauntlet_arena_77_block_sizes, gauntlet_exit_spiral]

Skill      XL: |  1  2  3  4  5  6  7  8  9 10 11 |
---------------+----------------------------------+-----
Conjurations   | 2 3 4 5 6 |  6.0
Poison Magic   | 2 3 7 9 |  9.0
Stealth        | 4 7 8 9 |  9.0
Translocations | 3 |  3.0
Staves         | 1 4 |  4.0
Necromancy     | 6 7 8 |  8.3
Polearms       | 2 6 7 |  7.5
Shields        | 1 3 |  3.0
Spellcasting   | 4 5 |  5.8
Earth Magic    | 2 |  2.2
Dodging        | |  1.5
Summonings     | |  1.0

Action                   |  1- 3 |  4- 6 |  7- 9 | 10-12 || total
-------------------------+-------+-------+-------+-------++-------
Melee: Whip              |    13 |     7 |       |       ||    20
       Quarterstaff      |       |    18 |   110 |       ||   128
       Trident           |       |       |    30 |   355 ||   385
       Short sword       |       |       |       |     1 ||     1
 Cast: Magic Dart        |    45 |    71 |   119 |    73 ||   308
       Mephitic Cloud    |       |     3 |    19 |    24 ||    46
       Vampiric Draining |       |       |     2 |    11 ||    13
       Stone Arrow       |       |       |       |    11 ||    11
       Blink             |       |       |       |     2 ||     2
       Dispel Undead     |       |       |       |     9 ||     9
 Abil: Spit Poison       |    41 |    48 |    57 |    52 ||   198
Evoke: Wand              |       |       |       |     9 ||     9
  Use: Scroll            |       |       |     8 |     2 ||    10
       Potion            |       |       |     4 |     2 ||     6
 Stab: Confused          |       |       |    13 |    11 ||    24
       Sleeping          |       |       |     2 |     4 ||     6
       Paralysed         |       |       |       |     3 ||     3
Armor: Robe              |     7 |     3 |    51 |   117 ||   178
       Skin              |       |       |     9 |    34 ||    43
Dodge: Dodged            |    17 |    24 |    56 |   146 ||   243
Block: Buckler           |       |       |       |    82 ||    82
